 Dungeon Crawl Stone Soup version 0.24.0-37-gcf1ca852f1 (webtiles) character file.

Game seed: 6534020266869678102, levelgen mode: deterministic

35 grindst0ne the Ducker (level 3, -6/28 HPs)
             Began as a Vampire Gladiator on Nov 22, 2019.
             Killed by divine providence
             ... invoked by an orc priest
              (12 damage)
             ... on level 2 of the Dungeon.
             The game lasted 00:02:24 (907 turns).

grindst0ne the Ducker (Vampire Gladiator)            Turns: 907, Time: 00:02:25

Health: -6/28      AC:  4    Str: 14    XL:     3   Next: 16%
Magic:  3/3        EV: 13    Int: 10    God:
Gold:   27         SH:  0    Dex: 15    Spells: 2/2 levels left

rFire    . . .     SeeInvis +   a - +0 long sword
rCold    . . .     Gourm    .   (no shield)
rNeg     . . .     Faith    .   b - +0 leather armour
rPois    +         Spirit   .   c - +0 helmet
rElec    .         Reflect  .   (no cloak)
rCorr    .         Harm     .   (no gloves)
MR       .....                  (no boots)
Stlth    +.........             h - amulet of regeneration
HPRegen  0.69/turn              i - +1 ring of slaying
MPRegen  0.08/turn              k - ring of poison resistance

@: regenerating quickly
A: no food, fangs 3, see invisible, unbreathing
a: Exsanguinate


You were on level 2 of the Dungeon.
You were alive.

You visited 1 branch of the dungeon, and saw 2 of its levels.

You collected 27 gold pieces.

Inventory:

Hand Weapons
 a - a +0 long sword (weapon)
Missiles
 d - 3 throwing nets (quivered)
Armour
 b - a +0 leather armour (worn)
 c - a +0 helmet (worn)
Jewellery
 h - an amulet of regeneration (around neck)
 i - a +1 ring of slaying (left hand)
 j - a +3 ring of intelligence
 k - a ring of poison resistance (right hand)
Scrolls
 e - 2 scrolls of identify {unknown}
 f - a scroll of fog {unknown}
 l - a scroll of enchant armour {unknown}
Potions
 g - a potion of resistance {unknown}


   Skills:
 + Level 2.3 Fighting
 + Level 3.5 Long Blades
 - Level 1.5 Throwing
 + Level 3.8 Dodging


You had 2 spell levels left.
You didn't know any spells.
Your spell library was empty.

Dungeon Overview and Level Annotations

Branches:
Dungeon (2/15)

Altars:


Innate Abilities, Weirdness & Mutations

You do not eat.
Your natural rate of healing is unusually fast.
You have razor-sharp teeth.
You have supernaturally acute eyesight. (SInv)
You can survive without breathing.


Message History

A worm comes into view.
Found 11 gold pieces.
Found a stone staircase leading down.
An orc priest comes into view. It is wielding a +0 trident.
The orc priest shouts!
You hear a shout!
The orc priest barely misses you. The orc priest closely misses you.
The orc priest closely misses you.
An orc comes into view. It is wielding a +0 short sword.
The orc priest barely misses you.
The orc priest mumbles some strange prayers to Beogh against you.
Beogh smites you!
The orc warrior hits you from afar with a +0 trident!
Ouch! That really hurt!
* * * LOW HITPOINT WARNING * * *
A kobold comes into view.
The kobold shouts!
The orc priest invokes the aid of Beogh against you.
Beogh smites you!
You die...

#o#####.# #.####.. ...
#K ##. ..#... ..##.# ..
.#..# #....# #.# #
#..#### ####....##..#.
......###............
#.###...##.##......#
#..# #..#..#.....# ##o#
#.##...!.@.# #.#
#....o...#.#### #.#
##...##.w#....##
#.#####..#.oo..#..#..##.
#..o..o.#..o##.........>
#########.######...#.##
######.######.#.#
...........o.#...#..#
###.########..........


You could see an orc warrior, a worm, 2 orc priests, an orc and a kobold.

Vanquished Creatures
  An ooze (D:1)
  A leopard gecko (D:1)
  A giant cockroach (D:1)
  4 hobgoblins (D:1)
  2 jackals (D:2)
  4 bats
  2 frilled lizards
  4 goblins
  5 kobolds
  5 rats
29 creatures vanquished.

Notes
Turn   | Place    | Note
-------+----------+-------------------------------------------
     0 | D:1      | grindst0ne the Vampire Gladiator began the quest for the
                  | Orb.
     0 | D:1      | Reached XP level 1. HP: 16/16 MP: 1/1
   185 | D:1      | Reached XP level 2. HP: 17/22 MP: 2/2
   793 | D:2      | Reached XP level 3. HP: 25/27 MP: 3/3
   834 | D:2      | Noticed an orc warrior
   907 | D:2      | Killed from afar by an orc priest

Levels and vault maps discovered:
D:1:      lightli_arrival_farm, layout_loops_ring
D:2:      layout_rooms, yredelemnul_altar_generic, skrybe_limestone_x

Skill      XL: |  1 |
---------------+----+-----
Fighting       | 2 |  2.3
Long Blades    | |  3.5
Throwing       | |  1.5
Dodging        | |  3.8

Action                   || total
-------------------------++-------
Melee: Long sword        ||    62
       Bite              ||     6
 Stab: Sleeping          ||     1
Armor: Leather armour    ||    16
Dodge: Dodged            ||    62
       Rpst.: Long sword ||    21
